 Dungeon Crawl Stone Soup version 0.30-a0-1163-gf69bf04e7a (webtiles) character file.

Game seed: 6298985476810152648

5779 jtron the Twirler (level 10, 70/70 HPs)
             Began as a Demonspawn Wanderer on Apr 29, 2023.
             Was a Believer of Vehumet.
             Got out of the dungeon alive.
             The game lasted 00:32:38 (8573 turns).

jtron the Twirler (Demonspawn Wanderer)             Turns: 8573, Time: 00:32:39

Health: 70/70      AC: 11    Str: 18    XL:     10   Next: 50%
Magic:  18/18      EV: 14    Int: 23    God:    Vehumet [**....]
Gold:   395        SH:  0    Dex: 18    Spells: 8/20 levels left

rFire   . . .        a - +5 quarterstaff (chaos)
rCold   . . .        (shield currently unavailable)
rNeg    . . .        q - +1 robe
rPois   .            (no helmet)
rElec   .            t - +2 cloak {Stlth+}
rCorr   .            (no gloves)
SInv    .            D - +2 pair of boots
Will    .....        (no amulet)
Stlth   ++++         j - +6 ring of strength
HPRegen 0.31/turn    J - ring of the Freezing Messenger {*Corrode Int+6 Dex+4}
MPRegen 0.16/turn

%: corrode self (3%)
@: no status effects
A: molten scales 1, foul stench 2, powered by death 1
a: Renounce Religion


You escaped.
You worshipped Vehumet.
Vehumet was pleased with you.
You visited 1 branch of the dungeon, and saw 9 of its levels.

You collected 395 gold pieces.

Inventory:

Hand Weapons
 a - a +5 quarterstaff of chaos (weapon)
 b - a +0 sling of flaming
 f - a +0 whip of flaming
Missiles
 g - 92 stones
 l - 9 atropa-tipped darts (quivered)
 G - 4 throwing nets
 H - 14 poisoned darts
Armour
 q - a +1 robe (worn)
 t - a +2 cloak of stealth (worn)
 B - a scarf of repulsion
 D - a +2 pair of boots (worn)
Jewellery
 d - a ring of willpower
 j - a +6 ring of strength (left hand)
 y - a +4 ring of protection
 I - a +6 ring of dexterity
 J - the ring of the Freezing Messenger (right hand) {*Corrode Int+6 Dex+4}
   (You acquired it on level 6 of the Dungeon)

   [ring of intelligence]

   Int:       It affects your intelligence (+6).
   Dex:       It affects your dexterity (+4).
   *Corrode:  It may corrode you when you take damage.
 K - a +6 ring of dexterity
 P - a +6 ring of dexterity
 Q - an amulet of guardian spirit
Wands
 n - a wand of paralysis (4)
 u - a wand of flame (14)
 L - a wand of digging (12)
 N - a wand of roots (13)
Scrolls
 i - 5 scrolls of teleportation
 k - 2 scrolls of fog
 o - 4 scrolls of identify
 p - 2 scrolls of enchant armour
 A - a scroll of magic mapping
 E - a scroll of vulnerability
Potions
 c - a potion of haste
 e - 2 potions of attraction
 h - a potion of brilliance
 m - 2 potions of cancellation
 r - 3 potions of flight
 s - a potion of curing
 v - 2 potions of resistance
 x - 3 potions of mutation
 z - 3 potions of heal wounds
 F - a potion of berserk rage
 M - a potion of invisibility
 S - 2 potions of lignification
Miscellaneous
 w - a piece from Xom's chessboard (14/15)


   Skills:
 * Level 3.6 Fighting
 - Level 2.2 Short Blades
 - Level 0.2(1.3) Long Blades
 + Level 6.8 Staves
 + Level 0.8 Throwing
 + Level 1.7 Armour
 + Level 4.5 Dodging
 + Level 3.7 Stealth
 + Level 5.8 Spellcasting
 + Level 4.8 Conjurations
 * Level 2.2 Hexes
 + Level 4.7 Summonings
 + Level 2.9 Air Magic
 + Level 5.3 Earth Magic
 + Level 0.1 Evocations


You had 8 spell levels left.
You knew the following spells:

 Your Spells              Type           Power      Damage    Failure   Level
a - Sandblast             Erth           62%        2d14      1%          1
b - Stone Arrow           Conj/Erth      60%        3d10      3%          3
c - Call Canine Familiar  Summ           28%        N/A       3%          3
d - Shock                 Conj/Air       96%        1d9       1%          1
e - Summon Lightning Spi  Summ/Air       24%        N/A       19%         4

Your spell library contained the following spells:

 Spells                   Type           Power      Damage    Failure   Level
 Frozen Ramparts          Ice            12%        1d2       26%         3
 Summon Small Mammal      Summ           100%       N/A       1%          1
 Static Discharge         Conj/Air       48%        2-4/arc   2%          2
 Foxfire                  Conj/Fire      72%        2x1d7     3%          1
 Kiss of Death            Conj/Necr      72%        2d10      3%          1
 Momentum Strike          Conj/Tloc      36%        3d9       4%          2
 Summon Guardian Golem    Hex/Summ       22%        N/A       6%          3
 Confusing Touch          Hex            16%        N/A       11%         3
 Blink                    Tloc           12%        N/A       13%         2
 Lesser Beckoning         Tloc           12%        N/A       13%         2
 Leda's Liquefaction      Hex/Erth       12%        N/A       19%         4
 Airstrike                Air            10%        2d(2-18)  26%         4
 Summon Ice Beast         Ice/Summ       17%        N/A       32%         4
 Summon Mana Viper        Hex/Summ       22%        N/A       50%         5
 Dispel Undead            Necr           6%         3d8       65%         4
 Fireball                 Conj/Fire      9%         3d6       65%         5
 Starburst                Conj/Fire      9%         6d5       99%         6
 Plasma Beam              Fire/Air       6%         2x1d18    100%        6
 Monstrous Menagerie      Summ           14%        N/A       100%        7


Dungeon Overview and Level Annotations

Branches:
Dungeon (9/15)             Temple (0/1) D:4             Orc (0/2) D:9
   Lair: D:8-11

Altars:
Cheibriados
Okawaru
Uskayaw
Vehumet

Shops:
D:5 *   D:9 [

Annotations:
D:5 2 transporters, IdlyInterested's ghost, amateur DsFi


Innate Abilities, Weirdness & Mutations

You are partially covered in molten scales. (AC +2)
You sometimes emit foul miasma when damaged in melee.
You regenerate a little health from kills.


Message History

You drop 5 stones.
No item to drop.
Okay, then.
(D) Dungeon (T) Temple (O) Orcish Mines
Where to? (Enter - D:8 @ (x,y), ? - help)
What level of the Dungeon? (default 1, ? - help)
There is a stone staircase leading up here.
You climb upwards.
There is a stone staircase leading down here.
There is a stone staircase leading up here.
You climb upwards.
There is a stone staircase leading down here.
There is a fountain of clear blue water here.
There is a stone staircase leading up here.
You climb upwards.
Level annotation: 2 transporters, IdlyInterested's ghost, amateur DsFi
There is a stone staircase leading down here.
Vehumet will no longer aid your destructive spells.
There is a stone staircase leading up here.
You climb upwards.
There is a stone staircase leading down here.
(D) Dungeon (T) Temple (O) Orcish Mines
Where to? (Enter - D:1, ? - help)
There is a stone staircase leading up here.
You climb upwards.
There is a stone staircase leading down here.
There is a stone staircase leading up here.
You climb upwards.
There is a stone staircase leading down here.
There is a stone staircase leading up here.
You see here a +0 whip.
You climb upwards.
There is a stone staircase leading down here.
(D) Dungeon (T) Temple (O) Orcish Mines
Where to? (Enter - D:1, ? - help)
Okay, then.
There is an open door here.
There is a staircase leading out of the dungeon here.
Are you sure you want to leave the Dungeon?
This will make you lose the game!
You have escaped!

†......# #.# #......##..###...#
.......# #.###..............#..
.......# #..............#...###
.......# #..........#####...#
.......# #.#.....#......#...#
†......# #.#.....#...#..#...#
.......# #.#.....#..........#
.......# #.#.....#......#.).###
.......# ###.#..@..#..#####.†....
##.....# #...#.....#........#.###
.).....###.#.#.....#.########.###
##...........#.....#.............
#.....####..#.....#..###.....)..
#.....# ##..........###........
#.....# #########...##........
#.....# #...##........ #.....#
#...##........


There were no monsters in sight!

Vanquished Creatures
  Erica (D:8)
  Pikel (D:6)
  Prince Ribbit (D:7)
  2 trolls
  4 humans (D:6)
  2 steam dragons (D:8)
  3 water moccasins
  3 ice beasts
  A black bear (D:4)
  2 orc warriors (D:7)
  An ogre (D:5)
  A centaur (D:6)
  A phantom (D:5)
  2 kobold brigands
  4 bullfrogs
  5 scorpions
  3 wights (D:7)
  3 howler monkeys
  3 orc priests
  2 hounds (D:5)
  Crazy Yiuf (D:2)
  Jessica (D:2)
  2 iguanas (D:4)
  Natasha (thrice) (D:3)
  5 orc wizards
  19 gnolls
  6 adders
  A shadow imp (D:7)
  2 white imps
  A worm (D:3)
  A dart slug (D:1)
  13 orcs
  3 bats
  3 endoplasms
  6 giant cockroaches
  7 goblins
  7 hobgoblins
  A quokka (D:4)
  4 ball pythons
  4 frilled lizards
  7 kobolds
  5 rats
147 creatures vanquished.

Vanquished Creatures (collateral kills)
  A steam dragon (D:8)
  2 black bears
  A kobold brigand (D:7)
  A gnoll bouda (D:8)
  An iguana (D:5)
  An orc wizard (D:9)
  5 gnolls
  A shadow imp (D:7)
  3 orcs
16 creatures vanquished.

Vanquished Creatures (others)
  A fungus (D:2)
1 creature vanquished.

Grand Total: 164 creatures vanquished

Notes
Turn   | Place    | Note
-------+----------+-------------------------------------------
     0 | D:1      | jtron the Demonspawn Wanderer began the quest for the Orb.
     0 | D:1      | jtron set off with the following items: a +0 short sword, a
                  | +0 pair of boots, a potion of haste, a +0 robe; and the
                  | following spell memorised: Sandblast; and the following
                  | spells available to memorise: Stone Arrow, Leda's
                  | Liquefaction.
     0 | D:1      | Reached XP level 1. HP: 13/13 MP: 2/2
   259 | D:1      | Gained mutation: You may rarely emit foul miasma when
                  | damaged in melee. [demonic ancestry]
   259 | D:1      | Reached XP level 2. HP: 10/19 MP: 1/3
  1264 | D:2      | Reached XP level 3. HP: 21/24 MP: 2/5
  1758 | D:2      | Noticed Jessica
  1766 | D:2      | Killed Jessica
  1947 | D:2      | Found a runed translucent door.
  1948 | D:2      | Noticed Crazy Yiuf
  1956 | D:2      | Killed Crazy Yiuf
  1957 | D:2      | Gained mutation: You regenerate a little health from kills.
                  | [demonic ancestry]
  1957 | D:2      | Reached XP level 4. HP: 8/31 MP: 0/6
  2095 | D:3      | Found a radiant altar of Vehumet.
  2220 | D:3      | Reached skill level 1 in Stealth
  2608 | D:3      | Noticed Natasha
  2908 | D:3      | Killed Natasha
  2909 | D:3      | Gained mutation: You sometimes emit foul miasma when
                  | damaged in melee. [demonic ancestry]
  2909 | D:3      | Reached XP level 5. HP: 21/36 MP: 5/8
  2951 | D:3      | Noticed Natasha
  2955 | D:3      | Killed Natasha
  3068 | D:3      | Became a worshipper of Vehumet
  3176 | D:3      | Noticed Natasha
  3182 | D:3      | Killed Natasha
  3190 | D:4      | Noticed a black bear
  3247 | D:4      | Reached skill level 1 in Staves
  3279 | D:4      | Reached skill level 1 in Summonings
  3409 | D:4      | Reached XP level 6. HP: 41/42 MP: 6/9
  3415 | D:4      | Reached skill level 1 in Conjurations
  3643 | D:4      | Noticed a +0 spear
  3643 | D:4      | Noticed a +0 spear
  3644 | D:4      | Noticed a +0 short sword
  3644 | D:4      | Noticed a +0 dagger
  3644 | D:4      | Noticed a +0 falchion
  3645 | D:4      | Noticed a +0 falchion
  3646 | D:4      | Noticed a +0 short sword
  3646 | D:4      | Noticed a +0 dagger
  3670 | D:4      | Found a hide-covered altar of Uskayaw.
  3920 | D:4      | Found a staircase to the Ecumenical Temple.
  4041 | D:5      | Entered Level 5 of the Dungeon
  4070 | D:5      | Noticed an ice beast
  4079 | D:5      | Reached XP level 7. HP: 47/47 MP: 9/11
  4185 | D:5      | Found Ceqa's Assorted Antiques.
  4213 | D:5      | Reached * piety under Vehumet
  4213 | D:5      | Offered knowledge of Freeze by Vehumet.
  4214 | D:5      | Reached skill level 2 in Staves
  4369 | D:5      | Reached skill level 1 in Fighting
  4440 | D:5      | Learned a level 3 spell: Stone Arrow
  4444 | D:5      | Learned a level 3 spell: Call Canine Familiar
  4460 | D:5      | Found a transporter.
  4568 | D:5      | Reached skill level 3 in Staves
  4568 | D:5      | Reached skill level 5 in Earth Magic
  4568 | D:5      | Gained mutation: You are partially covered in molten
                  | scales. (AC +2) [demonic ancestry]
  4568 | D:5      | Reached XP level 8. HP: 31/54 MP: 4/13
  4675 | D:5      | Found an iron altar of Okawaru.
  4886 | D:5      | Found a transporter.
  4888 | D:5      | Noticed IdlyInterested's ghost (amateur DsFi)
  5080 | D:6      | Reached skill level 4 in Staves
  5311 | D:6      | Noticed Pikel
  5322 | D:6      | Killed Pikel
  5323 | D:6      | Reached skill level 5 in Staves
  5323 | D:6      | Reached XP level 9. HP: 61/61 MP: 11/15
  5524 | D:6      | Identified a scroll of acquirement
  5525 | D:6      | Acquired the ring of the Freezing Messenger {*Corrode Int+6
                  | Dex+4}
  5685 | D:6      | Offered knowledge of Shock by Vehumet.
  5688 | D:6      | Learned a level 1 spell: Shock
  5733 | D:6      | Reached ** piety under Vehumet
  6481 | D:7      | Noticed Prince Ribbit
  6489 | D:7      | Reached skill level 1 in Air Magic
  6492 | D:7      | Killed Prince Ribbit
  6493 | D:7      | Reached skill level 6 in Staves
  6499 | D:7      | Learned a level 4 spell: Summon Lightning Spire
  6533 | D:7      | Noticed a troll
  6540 | D:7      | Killed a troll
  6553 | D:7      | Reached skill level 5 in Spellcasting
  6730 | D:7      | Reached XP level 10. HP: 70/70 MP: 13/17
  7676 | D:8      | Noticed Erica
  7692 | D:8      | Reached skill level 1 in Hexes
  7761 | D:8      | Paralysed by something for 4 turns
  7766 | D:8      | Paralysed by something for 2 turns
  7768 | D:8      | Killed Erica
  7768 | D:8      | Offered knowledge of Frozen Ramparts by Vehumet.
  8197 | D:9      | Reached *** piety under Vehumet
  8272 | D:9      | Found a snail-covered altar of Cheibriados.
  8361 | D:9      | Found Tuenoo's Armour Boutique.
  8361 | D:9      | Found a staircase to the Orcish Mines.
  8573 | D:$      | Got out of the dungeon alive.

Illustrated notes

Levels and vault maps discovered:
D:1:      minmay_arrival_semitransparent, layout_basic
D:2:      layout_loops_ring, uniq_jessica, uniq_crazy_yiuf_cottage
D:3:      layout_basic, vehumet_altar_wand_db, hangedman_decor_slide_cut,
          uniq_natasha
D:4:      layout_cave_pools, nicolae_uskayaw_en_pointe,
          minmay_temple_entry_fiery
D:5:      layout_loops_ring, okawaru_altar_gauntlet_db,
          gammafunk_ghost_mausoleum, serial_shops, shop,
          amcnicky_mini_pool_small
D:6:      layout_basic, grunt_ministairs_2, minmay_ruffians, uniq_pikel
D:7:      layout_loops_ring, minmay_diced_spiral, uniq_prince_ribbit1
D:8:      cheibrodos_steamvent, layout_rooms, uniq_erica
D:9:      layout_basic, kennysheep_mini, mainiacjoe_overflow_paths,
          erik_lair_dragon, orc_david_3, uniq_grum

Skill      XL: |  1  2  3  4  5  6  7  8  9 10 |
---------------+-------------------------------+-----
Short Blades   | 2 |  2.2
Earth Magic    | 3 4 5 |  5.3
Stealth        | 1 2 3 |  3.7
Spellcasting   | 2 3 4 5 |  5.8
Dodging        | 2 3 4 |  4.5
Staves         | 1 3 5 6 |  6.8
Summonings     | 1 2 3 4 |  4.7
Conjurations   | 1 2 3 4 |  4.8
Fighting       | 1 2 3 |  3.6
Air Magic      | 2 |  2.9
Hexes          | 2 |  2.2
Long Blades    | |  0.2
Throwing       | |  0.8
Armour         | |  1.7
Evocations     | |  0.1

Action                     |  1- 3 |  4- 6 |  7- 9 | 10-12 || total
---------------------------+-------+-------+-------+-------++-------
  Melee: Short sword       |    35 |       |       |       ||    35
         Long sword        |    14 |       |       |       ||    14
         Rapier            |     3 |       |       |       ||     3
         Quarterstaff      |       |    65 |   165 |    52 ||   282
  Throw: Stone             |       |     5 |       |       ||     5
         Dart              |       |       |    10 |     2 ||    12
   Cast: Sandblast         |    31 |    29 |    16 |       ||    76
         Stone Arrow       |       |       |    13 |       ||    13
         Call Canine Famil |       |       |    12 |    10 ||    22
         Shock             |       |       |     9 |    24 ||    33
         Summon Lightning  |       |       |       |     4 ||     4
  Evoke: Wand              |       |       |     1 |       ||     1
         Piece from Xom's  |       |       |       |     1 ||     1
    Use: Scroll            |       |       |    16 |    14 ||    30
         Potion            |       |       |     4 |     2 ||     6
   Stab: Sleeping          |     2 |     7 |     6 |     1 ||    16
         Distracted        |       |       |     2 |     1 ||     3
         Invisible         |       |       |       |     1 ||     1
 Armour: Robe              |    21 |    17 |    60 |    17 ||   115
  Dodge: Dodged            |    52 |    46 |   117 |    34 ||   249

Table legend: (Time is in decaauts)
 A = Elapsed time spent in this place.
 B = Non-inter-level travel time spent in this place.
 C = Inter-level travel time spent in this place.
 D = Time resting spent in this place.
 E = Time spent auto-exploring this place.
 F = Levels seen in this place.
 G = Mean time per level.
                   A        B        C        D        E       F      G
               +--------+--------+--------+--------+--------+-----+--------+
         Total |   8635 |   7971 |    664 |    945 |   5304 |   9 |  959.4 |
       Dungeon |   8635 |   7971 |    664 |    945 |   5304 |   9 |  959.4 |
               +--------+--------+--------+--------+--------+-----+--------+

Top non-repeatable levels by time:
     D:7: 1284 daAuts
     D:3: 1270 daAuts
     D:1: 1123 daAuts
     D:2: 1060 daAuts
     D:5: 1026 daAuts
     D:6: 942 daAuts
     D:8: 939 daAuts
     D:4: 737 daAuts
     D:9: 250 daAuts
